Map: Pillars of Gold LE

Players

INnoVation

  • Race: Terran Terran
  • League: Grandmaster
  • Spawn Location: 7:00

Trap - Winner!

  • Race: Protoss Protoss
  • League: Master
  • Spawn Location: 1:00

Event: DreamHack SC2 Masters 2020 Fall

VOD

Have the link to the VOD?

Description

Time

  • Played on: Sept. 20, 2020, 9:55 a.m.
  • Length: 15:00

All games in this series

Show
View Real Time Build Order
Export as new Build Order

INnoVation Terran 

Build Orders: Reaper Expand 

Get SALT Encoding   

  12  0:00  SCV  
  13  0:12  SCV  
  14  0:17  Supply Depot  
  14  0:24  SCV  
  15  0:39  SCV  
  15  0:40  Barracks  
  16  0:44  Refinery  
  16  0:51  SCV  
  17  1:03  SCV  
  18  1:15  SCV  
  19  1:28  Reaper, Orbital Command  
  20  1:50  Command Center  
  20  1:54  SCV  
  21  1:57  Supply Depot  
  21  2:01  Marine  
  22  2:06  SCV  
  23  2:13  Factory  
  23  2:19  SCV  
  23  2:20  Marine  
  25  2:26  Bunker  
  25  2:31  SCV  
  25  2:33  Refinery  
  26  2:39  Barracks Reactor  
  26  2:43  SCV  
  27  2:55  SCV  
  27  2:57  Hellion  
  30  2:59  Starport  
  30  3:04  Orbital Command  
  30  3:08  SCV  
  31  3:16  Marine  
  31  3:17  Marine  
  31  3:18  Widow Mine  
  34  3:20  SCV  
  33  3:29  SCV  
  33  3:32  SCV  
  34  3:35  Marine x2  
  34  3:37  Medivac  
  34  3:39  Widow Mine  
  40  3:44  SCV  
  40  3:45  SCV  
  40  3:48  Supply Depot  
  42  3:53  Marine x2  
  44  3:56  SCV  
  44  3:57  SCV  
  44  4:01  Factory Tech Lab  
  46  4:09  SCV x2  
  46  4:11  Supply Depot  
  46  4:13  Marine x2  
  48  4:19  Cyclone  
  48  4:21  SCV  
  48  4:23  SCV  
  51  4:32  Command Center  
  51  4:34  SCV  
  51  4:36  SCV  
  51  4:37  Marine x2  
  55  4:45  Supply Depot  
  55  4:46  SCV  
  55  4:48  SCV  
  54  4:55  Marine x2  
  54  4:58  SCV  
  55  5:00  SCV  
  55  5:03  Barracks  
  55  5:04  Factory Tech Lab  
  56  5:10  SCV, Barracks  
  56  5:12  SCV  
  56  5:13  Marine x2  
  60  5:16  Supply Depot  
  60  5:23  SCV, Engineering Bay  
  60  5:24  SCV, Engineering Bay  
  62  5:28  Starport Reactor  
  62  5:32  Marine x2  
  62  5:35  SCV  
  65  5:36  SCV  
  65  5:37  Factory Reactor  
  65  5:40  Refinery  
  66  5:43  Refinery  
  66  5:45  Orbital Command  
  66  5:47  SCV  
  66  5:48  SCV  
  68  5:52  Terran Infantry Weapons Level 1, Terran Infantry Armor Level 1  
  68  5:53  Marine x2  
  65  5:58  Stimpack  
  65  5:59  Barracks  
  65  6:00  SCV x2  
  67  6:05  Missile Turret  
  67  6:10  Combat Shield  
  67  6:14  SCV x2  
  73  6:18  Medivac, Marauder x2  
  73  6:19  Medivac  
  77  6:27  SCV x2, Barracks  
  78  6:33  Orbital Command  
  78  6:38  Missile Turret  
  78  6:39  SCV x2  
  80  6:48  Supply Depot x2  
  80  6:51  SCV x2  
  80  6:53  Medivac x2  
  86  6:56  Marauder x2  
  86  6:59  Barracks Tech Lab  
  86  7:00  SCV  
  91  7:03  SCV x2  
  93  7:12  Armory, SCV  
  94  7:15  SCV  
  94  7:16  SCV  
  94  7:17  Supply Depot, Refinery x2  
  95  7:24  SCV  
  95  7:25  Viking  
  95  7:27  Viking  
  95  7:28  SCV x2  
  102  7:35  Factory Reactor  
  102  7:36  Starport  
  102  7:37  SCV  
  103  7:39  Supply Depot  
  103  7:40  SCV x2, Supply Depot  
  103  7:42  Marine x4  
  109  7:49  Supply Depot  
  112  7:51  Marauder x3  
  112  7:56  Viking  
  116  7:58  Viking  
  109  8:09  Terran Infantry Armor Level 2, Terran Infantry Weapons Level 2  
  109  8:11  Marine x4  
  109  8:12  Marine  
  111  8:20  Viking  
  111  8:22  Orbital Command  
  111  8:24  Viking  
  115  8:28  Marine x2  
  117  8:37  Supply Depot, Marine x2  
  117  8:53  Supply Depot  
  117  8:55  Supply Depot  
  117  8:58  Viking x2, SCV x2, Marine x2  
  125  9:12  Supply Depot  
  125  9:13  Supply Depot  
  125  9:15  Viking x2, SCV, Marauder, Marine  
  125  9:16  Marine x2  
  139  9:17  Marauder x2  
  139  9:21  SCV x2  
  139  9:23  Supply Depot  
  141  9:33  SCV  
  141  9:34  Medivac x2  
  145  9:38  SCV x2  
  145  9:41  Terran Ship Weapons Level 1  
  145  9:42  Ghost Academy  
  145  9:45  SCV  
  150  9:46  Marauder x3  
  150  9:51  Marine x4  
  158  9:58  Supply Depot  
  158  9:59  Command Center  
  158  10:08  Marauder x3  
  158  10:09  Marine  
  158  10:10  Marine  
  158  10:11  Marine  
  158  10:13  Marine  
  159  10:27  Missile Turret  
  157  10:28  Terran Infantry Weapons Level 3, Ghost  
  157  10:29  Ghost x2  
  157  10:30  Missile Turret  
  163  10:40  Supply Depot x2, Terran Infantry Armor Level 3  
  162  10:52  Sensor Tower  
  162  10:56  Marine  
  162  10:57  Marine x3  
  163  10:58  Supply Depot, Ghost  
  163  11:01  Ghost  
  170  11:06  Ghost  
  172  11:13  SCV x2  
  172  11:14  SCV  
  172  11:27  Marine x4  
  172  11:31  Marauder  
  172  11:32  Marauder  
  180  11:34  Viking  
  180  11:35  Viking  
  180  11:36  Marauder  
  185  11:41  Planetary Fortress  
  185  11:42  SCV  
  185  11:43  SCV  
  173  11:56  SCV x3  
  173  11:59  Ghost x3  
  173  12:00  Marine  
  173  12:01  Marine  
  174  12:08  SCV x3  
  174  12:11  Missile Turret  
  174  12:20  SCV  
  174  12:22  Terran Ship Weapons Level 2  
  175  12:27  Marine x3  
  175  12:28  Ghost x3  
  184  12:30  Marine  
  184  12:35  Missile Turret  
  185  12:44  Marine  
  185  12:45  Marine x2  
  185  12:48  Marine  
  187  12:57  Marauder x3  
  189  13:06  Barracks  
  189  13:08  Marine x4  
  189  13:09  Barracks x2  
  192  13:17  Ghost  
  192  13:18  Ghost x2  
  144  13:31  Marine x2  
  144  13:32  Marine x2  
  122  13:40  Liberator  
  122  13:41  Liberator x3  
  116  13:47  Marauder x3  
  104  13:55  SCV  
  104  13:56  SCV  
  104  14:02  Marine x4, Barracks Tech Lab x2  
  96  14:03  Barracks Reactor  
  96  14:08  Marauder x3  
  91  14:21  Marine x4  
  92  14:29  Orbital Command  
  92  14:30  Marauder x3  
  105  14:37  SCV x2  
  107  14:40  Marine x2  
  107  14:41  Marine x4  
Show
View Real Time Build Order
Export as new Build Order

Trap Protoss - Winner!

Build Orders: 1 Gate Expand, Phoenix Opening, Colossus Rush 

Get SALT Encoding   

  12  0:00  Probe  
  13  0:12  Probe  
  14  0:17  Pylon  
  14  0:24  Probe (Chrono Boost)  
  15  0:36  Probe (Chrono Boost)  
  15  0:37  Gateway  
  16  0:45  Probe (Chrono Boost)  
  16  0:47  Assimilator  
  17  0:51  Probe  
  18  1:03  Probe  
  19  1:15  Probe  
  20  1:24  Cybernetics Core  
  20  1:35  Nexus  
  20  1:41  Pylon  
  20  1:45  Probe  
  21  1:52  Assimilator  
  21  1:57  Probe  
  21  1:58  Adept (Chrono Boost)  
  24  2:09  Shield Battery  
  24  2:10  Probe  
  25  2:18  Adept (Chrono Boost)  
  27  2:25  Probe  
  27  2:33  Stargate  
  28  2:38  Probe (Chrono Boost)  
  28  2:39  Warp Gate  
  28  2:47  Probe (Chrono Boost)  
  30  2:55  Probe (Chrono Boost)  
  30  2:57  Probe (Chrono Boost)  
  31  2:59  Adept  
  31  3:01  Probe  
  31  3:05  Probe  
  35  3:13  Probe  
  35  3:17  Probe  
  37  3:25  Probe  
  37  3:26  Phoenix (Chrono Boost)  
  40  3:29  Probe  
  39  3:37  Probe  
  39  3:38  Pylon  
  40  3:41  Probe  
  40  3:43  Phoenix (Chrono Boost)  
  43  3:49  Probe, Robotics Facility  
  43  3:53  Probe  
  45  4:01  Probe  
  46  4:03  Phoenix (Chrono Boost)  
  46  4:05  Probe  
  46  4:08  Assimilator  
  49  4:12  Pylon, Assimilator  
  49  4:13  Probe  
  50  4:17  Probe  
  50  4:18  Gateway  
  51  4:25  Phoenix (Chrono Boost)  
  51  4:26  Probe  
  51  4:30  Probe  
  55  4:38  Probe  
  56  4:42  Probe, Pylon  
  56  4:43  Phoenix (Chrono Boost)  
  56  4:44  Observer (Chrono Boost)  
  60  4:50  Probe  
  57  5:00  Nexus  
  57  5:01  Pylon  
  57  5:09  Immortal (Chrono Boost)  
  61  5:14  Robotics Bay  
  61  5:22  Probe x2  
  61  5:25  Sentry x2  
  61  5:26  Pylon  
  67  5:34  Probe x2  
  69  5:38  Observer (Chrono Boost)  
  69  5:39  Gateway  
  69  5:41  Gateway  
  69  5:42  Shield Battery  
  70  5:46  Probe x2  
  72  5:58  Probe x2, Colossus (Chrono Boost)  
  72  6:01  Pylon  
  80  6:06  Extended Thermal Lance  
  80  6:18  Probe (Chrono Boost)  
  80  6:23  Probe (Chrono Boost)  
  80  6:25  Forge  
  79  6:27  Probe (Chrono Boost)  
  79  6:28  Twilight Council, Probe (Chrono Boost)  
  79  6:32  Probe (Chrono Boost)  
  80  6:33  Probe x2 (Chrono Boost)  
  82  6:41  Colossus (Chrono Boost)  
  82  6:42  Probe, Sentry  
  82  6:45  Gateway  
  82  6:46  Zealot x2  
  95  6:49  Gateway  
  95  6:54  Sentry, Pylon  
  95  6:57  Charge  
  97  7:01  Assimilator  
  97  7:02  Assimilator  
  97  7:04  Protoss Ground Weapons Level 1 (Chrono Boost)  
  97  7:05  Pylon  
  97  7:11  Zealot x3  
  97  7:13  Probe x2  
  97  7:14  Probe  
  106  7:19  Warp Prism (Chrono Boost)  
  108  7:25  Stalker  
  108  7:29  Gateway  
  110  7:32  Gateway  
  110  7:38  Stalker x2  
  110  7:40  Stalker  
  110  7:42  Stalker  
  118  7:45  Stalker  
  118  7:48  Pylon  
  120  8:09  Zealot x6  
  130  8:13  Templar Archives  
  130  8:20  Pylon x2  
  130  8:22  Pylon  
  130  8:24  Nexus  
  130  8:27  Pylon  
  130  8:34  Immortal (Chrono Boost)  
  132  8:48  Shield Battery x2  
  132  8:50  Shield Battery  
  132  8:51  High Templar x4  
  132  8:52  High Templar x2  
  132  8:53  Protoss Ground Weapons Level 2 (Chrono Boost)  
  132  8:55  Archon x2  
  144  8:56  Archon  
  144  8:57  Zealot x2  
  148  9:08  Robotics Facility  
  148  9:10  Blink (Chrono Boost)  
  148  9:11  Probe x3  
  151  9:24  Disruptor (Chrono Boost)  
  151  9:26  Zealot  
  156  9:32  Observer  
  156  9:34  Zealot x2  
  156  9:35  Zealot x2  
  156  9:36  Zealot  
  156  9:37  Pylon  
  156  9:38  Pylon  
  166  9:40  Zealot x2  
  168  9:56  Disruptor (Chrono Boost)  
  174  10:00  Shield Battery  
  174  10:03  Zealot, Disruptor (Chrono Boost)  
  174  10:04  Zealot x3  
  174  10:06  Photon Cannon, High Templar  
  183  10:10  Zealot  
  183  10:11  Zealot x2  
  189  10:21  Disruptor (Chrono Boost)  
  170  10:24  High Templar  
  170  10:28  Probe x4  
  172  10:32  Archon, Forge  
  172  10:39  Stalker x6  
  184  10:43  Disruptor (Chrono Boost)  
  187  10:50  Warp Prism (Chrono Boost)  
  187  10:59  Photon Cannon  
  187  11:01  Shield Battery  
  187  11:09  Nexus  
  187  11:10  Pylon  
  187  11:13  Observer (Chrono Boost)  
  187  11:16  Disruptor (Chrono Boost)  
  187  11:17  Protoss Ground Armor Level 1 (Chrono Boost)  
  188  11:20  Gravitic Drive  
  187  11:34  Zealot x6  
  187  11:37  Protoss Ground Weapons Level 3 (Chrono Boost)  
  175  12:00  Zealot x5  
  175  12:01  Zealot x3  
  179  12:02  Disruptor (Chrono Boost)  
  175  12:12  Gateway, Disruptor (Chrono Boost)  
  175  12:15  Gateway  
  175  12:16  Dark Shrine, Photon Cannon  
  175  12:24  Zealot x8  
  175  12:27  Disruptor (Chrono Boost)  
  191  12:36  Disruptor (Chrono Boost)  
  193  12:46  Stalker x3  
  165  13:31  Zealot x7, Colossus x2 (Chrono Boost)  
  165  13:32  Zealot x3  
  151  13:53  Stalker x5  
  151  13:54  Stalker x5  
  155  14:08  Nexus  
  153  14:12  Disruptor x2 (Chrono Boost)  
  159  14:17  Stalker x9  

Tags
 
Add a new tag
Caveats
  • Supply blocks, unpowered buildings, or Contaminate may cause inaccurate times.
  • Supply counts are checked every 10 seconds.